 Dungeon Crawl Stone Soup version 0.30-a0-777-ga9a30cbeda (webtiles) character file.

Game seed: 16399381463463802537

466 theswoord the Twirler (level 6, 0/44 HPs)
             Began as a Demonspawn Gladiator on Feb 14, 2023.
             Slain by a jelly (2 damage)
             ... on level 5 of the Dungeon.
             The game lasted 00:06:31 (4167 turns).

theswoord the Twirler (Demonspawn Gladiator)        Turns: 4167, Time: 00:06:31

Health: 0/44       AC:  4    Str: 16    XL:     6   Next: 81%
Magic:  0/6        EV: 11    Int:  7    God:
Gold:   265        SH:  0    Dex: 15    Spells: 5/5 levels left

rFire   . . .      SeeInvis .    a - +0 quarterstaff
rCold   . . .      Faith    .    (shield currently unavailable)
rNeg    + . .      Spirit   +    r - +0 scale mail
rPois   +          Reflect  .    c - +1 helmet
rElec   .          Harm     .    (no cloak)
rCorr   .          Rampage  .    (no gloves)
Will    .....                    (no boots)
Stlth   +                        k - amulet of guardian spirit
HPRegen 0.27/turn                h - ring of poison resistance
MPRegen 0.20/turn                o - ring of positive energy

@: corroded
A: powered by death 2, magic regeneration, sturdy frame 1, dopey 1, noise
suppression
a: no special abilities


You were on level 5 of the Dungeon.
You visited 1 branch of the dungeon, and saw 5 of its levels.

You collected 265 gold pieces.

Inventory:

Hand Weapons
 a - a +0 quarterstaff (weapon)
Missiles
 e - a javelin (quivered)
Armour
 b - a +0 leather armour
 c - a +1 helmet (worn)
 r - a +0 scale mail (worn)
Jewellery
 h - a ring of poison resistance (left hand)
 k - an amulet of guardian spirit (around neck)
 o - a ring of positive energy (right hand)
Scrolls
 d - a scroll of blinking
 f - 2 scrolls of identify
 j - 2 scrolls of teleportation
 p - a scroll of enchant weapon {unknown}
 s - a scroll of enchant armour
 t - a scroll of magic mapping
Potions
 g - a potion of magic
 i - 5 potions of curing
 l - a potion of invisibility
 m - 6 potions of brilliance
 n - a potion of attraction {unknown}


   Skills:
 - Level 2.0 Fighting
 + Level 7.1 Staves
 - Level 1.7 Throwing
 - Level 2.6 Dodging


You had 5 spell levels left.
You didn't know any spells.
Your spell library contained the following spells:

 Spells                   Type           Power      Damage    Failure   Level
 Apportation              Tloc           0%         N/A       73%         1
 Necrotise                Necr           0%         1d4       73%         1
 Summon Small Mammal      Summ           0%         N/A       73%         1
 Ignite Poison            Fire/Tmut/Pois 0%         N/A       97%         3
 Sticky Flame             Conj/Fire      0%         2d3       100%        4
 Ignition                 Fire           0%         3d3       100%        8


Dungeon Overview and Level Annotations

Branches:
Dungeon (5/15)
 Temple: D:4-7

Altars:


Innate Abilities, Weirdness & Mutations

You regenerate health from kills.
You regenerate magic rapidly.
Your movements are slightly less encumbered by armour. (ER -2)
You are dopey. (Int -2)
You passively dampen the noise of your surroundings.


Message History

The ufetubus hits you but does no damage.
You miss the ufetubus. The ufetubus barely misses you.
The ufetubus hits you but does no damage.
The ufetubus barely misses you. The ufetubus closely misses you.
You hit the jelly.
Your hands burn!
The ufetubus misses you.
The ufetubus hits you but does no damage.
The jelly hits you. The acid corrodes you!
You are splashed with acid!
You hit the jelly but do no damage.
Your hands burn!
The ufetubus closely misses you. The ufetubus hits you.
The ufetubus hits you but does no damage.
The ufetubus completely misses you.
You hit the jelly.
Your hands burn!
The jelly barely misses you. The ufetubus hits you.
The ufetubus hits you but does no damage.
You thump the jelly!
Your hands burn!
The ufetubus hits you.
* * * LOW HITPOINT WARNING * * *
The ufetubus misses you. The jelly hits you but does no damage.
The ufetubus hits you but does no damage.
The ufetubus closely misses you.
You hit the jelly but do no damage.
Your hands burn!
* * * LOW HITPOINT WARNING * * *
The jelly hits you.
* * * LOW HITPOINT WARNING * * *
You are splashed with acid!
* * * LOW HITPOINT WARNING * * *
The ufetubus hits you.
* * * LOW HITPOINT WARNING * * *
The ufetubus hits you but does no damage.
You hit the jelly.
Your hands burn!
* * * LOW HITPOINT WARNING * * *
The ufetubus hits you but does no damage.
The ufetubus closely misses you. The jelly barely misses you.
The ufetubus hits you.
* * * LOW HITPOINT WARNING * * *
The ufetubus hits you.
* * * LOW HITPOINT WARNING * * *
You hit the jelly.
Your hands burn!
* * * LOW HITPOINT WARNING * * *
The jelly hits you.
You die...

.......#.......# #.......
.......#.####### ########
######.#.######## #####
##...#........... #....
.....'..######### #.###
#....##.# #.# #....+..####
###############.#
'....#####....#.#.............#
#...## #....?5@.#############
#...# #......J.'...# #####
.........###'# ##........
........... ##..........
#....#....... #.######.#...#


You could see a jelly and an ufetubus.

Vanquished Creatures
  A water moccasin (D:5)
  A scorpion (D:4)
  An orc priest (D:4)
  2 orc wizards (D:4)
  7 adders
  7 gnolls
  A worm (D:3)
  3 dart slugs
  8 orcs
  6 bats
  5 endoplasms
  5 giant cockroaches
  6 goblins
  6 hobgoblins
  5 jackals
  3 quokkas
  8 ball pythons
  A frilled lizard (D:3)
  5 kobolds
  9 rats
90 creatures vanquished.

Notes
Turn   | Place    | Note
-------+----------+-------------------------------------------
     0 | D:1      | theswoord the Demonspawn Gladiator began the quest for the
                  | Orb.
     0 | D:1      | Reached XP level 1. HP: 16/16 MP: 1/1
    60 | D:1      | Reached skill level 3 in Staves
    95 | D:1      | Gained mutation: Your movements are slightly less
                  | encumbered by armour. (ER -2) [demonic ancestry]
    95 | D:1      | Reached XP level 2. HP: 21/22 MP: 2/2
   105 | D:1      | Found a faded altar of an unknown god.
   903 | D:2      | Reached XP level 3. HP: 27/27 MP: 3/3
   997 | D:2      | Reached skill level 4 in Staves
  1707 | D:2      | Gained mutation: You regenerate a little health from kills.
                  | [demonic ancestry]
  1707 | D:2      | Reached XP level 4. HP: 33/33 MP: 4/4
  2409 | D:4      | Reached skill level 5 in Staves
  2760 | D:4      | Gained mutation: You regenerate magic rapidly. [demonic
                  | ancestry]
  2760 | D:4      | Reached XP level 5. HP: 29/38 MP: 3/5
  3147 | D:4      | Gained mutation: You are dopey. (Int -2) [potion of
                  | mutation]
  3147 | D:4      | Gained mutation: You passively dampen the noise of your
                  | surroundings. [potion of mutation]
  3235 | D:4      | Reached skill level 6 in Staves
  3493 | D:5      | Entered Level 5 of the Dungeon
  3514 | D:4      | Gained mutation: You regenerate health from kills. [demonic
                  | ancestry]
  3514 | D:4      | Reached XP level 6. HP: 44/44 MP: 6/6
  3827 | D:5      | Noticed a two-headed ogre
  3956 | D:5      | Noticed a water moccasin
  3978 | D:5      | Killed a water moccasin
  3979 | D:5      | Reached skill level 7 in Staves
  4167 | D:5      | HP: 2/44 [acid (2)]
  4167 | D:5      | Slain by a jelly

Skill      XL: |  1  2  3  4  5  6 |
---------------+-------------------+-----
Staves         | 3 4 5 6 7 |  7.1
Fighting       | |  2.0
Throwing       | |  1.7
Dodging        | |  2.6

Action                     |  1- 3 |  4- 6 || total
---------------------------+-------+-------++-------
  Melee: Quarterstaff      |   112 |   200 ||   312
  Throw: Throwing net      |       |     4 ||     4
    Use: Scroll            |       |    13 ||    13
         Potion            |       |     4 ||     4
   Stab: Sleeping          |     1 |       ||     1
         Invisible         |       |     2 ||     2
 Armour: Leather armour    |    33 |       ||    33
         Scale mail        |       |    90 ||    90
  Dodge: Dodged            |    77 |   137 ||   214

Levels and vault maps discovered:
D:1:      dpeg_arrival_another_circle, layout_basic, basic_ecumenical_altar,
          st_stairs_6
D:2:      layout_basic, minmay_misc_feat_secret_circle
D:3:      minmay_angry_zag, layout_basic, lemuel_tele_altar
D:4:      minmay_skewed_foursquare, layout_rooms, grunt_ministairs_2
D:5:      layout_basic, minmay_small_thing
